 Dungeon Crawl Stone Soup version 0.29.1-1-gd02db6906a (webtiles) character file.

Game seed: 7548388810937601189

5248 DemonSlayer the Thaumaturge (level 10, -5/67 HPs)
             Began as a Demonspawn Fire Elementalist on Oct 3, 2022.
             Slain by a yak (9 damage)
             ... summoned by an orange crystal statue
             ... on level 9 of the Dungeon.
             The game lasted 00:26:49 (10066 turns).

DemonSlayer the Thaumaturge (DsFE)                 Turns: 10066, Time: 00:26:49

Health: -5/67      AC: 10    Str: 12      XL:     10   Next: 36%
Magic:  0/22       EV: 17    Int: 11 (20) God:
Gold:   245        SH:  0    Dex: 20      Spells: 16/26 levels left

rFire   + . .      SeeInvis .   p - +6 dagger (vorpal)
rCold   + . .      Faith    .   (no shield)
rNeg    + . .      Spirit   .   x - +3 leather armour {rPois}
rPois   +          Reflect  +   (helmet restricted)
rElec   +          Harm     .   h - scarf {shadows}
rCorr   +          Rampage  .   (no gloves)
Will    .....                   (no boots)
Stlth   +.........              b - amulet of reflection
HPRegen 0.21/turn               q - ring of Ycept {rPois rN+ Will- Dex+7}
MPRegen 0.18/turn               v - +4 ring of evasion

@: confused, resistant, hasted (expiring), very quick
A: horns 1, yellow scales 3, demonic magic 1, strong 1
a: no special abilities


You were on level 9 of the Dungeon.
You visited 2 branches of the dungeon, and saw 10 of its levels.
You also visited: Sewer.

You collected 560 gold pieces.
You spent 315 gold pieces at shops.

Inventory:

Hand Weapons
 p - a +6 vorpal dagger (weapon)
Missiles
 w - 2 throwing nets
Armour
 h - a scarf of shadows (worn)
 x - a +3 leather armour of poison resistance (worn)
Jewellery
 b - an amulet of reflection (around neck)
 d - a +6 ring of strength
 m - a ring of positive energy
 q - the ring of Ycept (left hand) {rPois rN+ Will- Dex+7}
   (You found it on level 5 of the Dungeon)

   [ring of positive energy]

   Dex:       It affects your dexterity (+7).
   rPois:     It protects you from poison.
   rN:        It protects you from negative energy.
   Will:      It decreases your willpower.
 t - a ring of positive energy
 v - a +4 ring of evasion (right hand)
Wands
 y - a wand of flame (28)
 z - a wand of iceblast (12)
Scrolls
 a - a scroll of fog
 e - a scroll of immolation
 i - 2 scrolls of torment
 n - a scroll of silence
 o - 2 scrolls of teleportation
 r - 2 scrolls of fear
 u - 2 scrolls of vulnerability
 B - a scroll of blinking
 D - 3 scrolls of enchant armour
 E - a scroll of amnesia
Potions
 j - 2 potions of attraction
 k - a potion of ambrosia
 l - 3 potions of heal wounds
 s - 2 potions of curing


   Skills:
 + Level 2.0 Fighting
 + Level 2.3 Short Blades
 + Level 2.6 Armour
 + Level 3.2 Dodging
 + Level 6.2 Stealth
 + Level 0.6 Shields
 + Level 8.9 Spellcasting
 + Level 2.5 Conjurations
 + Level 8.2 Fire Magic
 + Level 0.7 Evocations


You had 16 spell levels left.
You knew the following spells:

 Your Spells              Type           Power      Damage    Failure   Level
a - Foxfire               Conj/Fire      64%        2x1d7     1%          1
b - Scorch                Fire           46%        2d7       1%          2
c - Conjure Flame         Conj/Fire      16%        6-21      6%          3
d - Flame Wave            Conj/Fire      16%        2d7       21%         4

Your spell library contained the following spells:

 Spells                   Type           Power      Damage    Failure   Level
 Inner Flame              Hex/Fire       14%        N/A       10%         3


Dungeon Overview and Level Annotations

Branches:
Dungeon (9/15)             Temple (1/1) D:6           Sewer (visited)
   Lair: D:8-11         Orc: D:9-12

Altars:
Cheibriados
Dithmenos
Fedhas
Gozag
Hepliaklqana
Makhleb
Nemelex Xobeh
Okawaru
Qazlal
Ru
Sif Muna
Trog
Uskayaw
Vehumet
Wu Jian
Xom

Shops:
D:5 ([*(   D:8 *

Annotations:
D:9 exclusion: orange crystal statue


Innate Abilities, Weirdness & Mutations

You have a pair of small horns on your head.
You are completely covered in yellow scales. (AC +4, rCorr)
Spells you cast may paralyse adjacent enemies.
Your muscles are strong. (Str +4, Int/Dex -1)


Message History

The kobold brigand completely misses you.
You are too confused!
You bump into the rock wall.
The orange crystal statue fixes its piercing gaze on you.
Something tries to feed on your intellect!
The yak misses you. The yak gores you but does no damage.
The kobold barely misses you. The yak gores you!
* * * LOW HITPOINT WARNING * * *
The yak barely misses you. The kobold brigand misses you.
Unknown command.
Unknown command.
You barely miss the kobold.
The kobold is heavily wounded.
The orange crystal statue glitters.
You resist with some effort.
You closely miss the kobold. You headbutt the kobold.
You kill the kobold!
The kobold's corpse dissolves into shadows!
The yak closely misses you. The yak gores you!
* * * LOW HITPOINT WARNING * * *
The yak gores you but does no damage. x2; The kobold brigand barely misses you.
The orange crystal statue fixes its piercing gaze on you.
You feel your power leaking away.
You barely miss the orange crystal statue.
The orange crystal statue is heavily damaged.
The yak closely misses you.
The kobold throws a stone.
The stone closely misses you.
The stone hits the yak but does no damage.
The kobold brigand hits you but does no damage.
The yak closely misses you.
The yak snorts and paws the ground.
The yak misses you. The yak barely misses you.
You completely miss the yak.
Unknown command.
You're too confused to move!
Your extra speed is starting to run out.
The yak gores you but does no damage. The yak barely misses you.
The kobold brigand completely misses you.
The yak gores you!
You die...

.# #.# # . #.##
######.## #.#..####
........## #.#.....#
...<..>... #.......##
.†.##.#.#.. ###......#
##.†....#.## ##.....###
##..#.##...#####KY...##
##........#..##Y@YK.##
##.#####.#.. #KY8K.##
........#.# ##KDK##
..........# ##(##
##.####.### ### #.#
#.###.# #.# #....# #.#
#.###.###
...###.###....


You could see an orange crystal statue, 4 yaks, an acid dragon (summoned), a
kobold brigand (summoned) and 5 kobolds.

Vanquished Creatures
  A two-headed ogre (D:8)
  Pikel (D:8)
  Joseph (D:7)
  2 hornets
  Grinder (D:3)
  A wyvern (D:9)
  Eustachio (D:4)
  A steam dragon (D:6)
  A water moccasin (D:8)
  Duvessa (D:7)
  Pargi (Sewer)
  3 sky beasts
  A black bear (D:5)
  An ice beast (D:4)
  3 ogres
  A phantom (D:3)
  A kobold brigand (D:8)
  A lemure (D:8)
  4 bullfrogs
  A gnoll sergeant (D:8)
  2 necrophages
  A scorpion (D:5)
  3 wights (D:7)
  Dowan (D:7)
  6 killer bees (D:9)
  A howler monkey (D:7)
  3 jellies
  2 hounds
  2 orc priests
  2 gnoll boudas
  Crazy Yiuf (D:6)
  2 iguanas
  Natasha (thrice) (D:4)
  An orc wizard (D:4)
  Ijyb (D:3)
  12 gnolls
  9 adders
  3 white imps
  An ufetubus (D:5)
  A dart slug (D:4)
  8 orcs
  5 endoplasms
  4 giant cockroaches
  6 goblins
  4 hobgoblins
  4 jackals (D:4)
  3 quokkas
  7 ball pythons
  5 bats
  8 frilled lizards
  8 kobolds
  2 rats (D:3)
149 creatures vanquished.

Vanquished Creatures (others)
  A wizard (D:6)
  An orc priest (D:4)
  An adder (D:4)
  An orc (D:4)
  A ball python (D:3)
  220 foxfires
  5 plants
230 creatures vanquished.

Grand Total: 379 creatures vanquished

Notes
Turn   | Place    | Note
-------+----------+-------------------------------------------
     0 | D:1      | DemonSlayer the Demonspawn Fire Elementalist began the
                  | quest for the Orb.
     0 | D:1      | Reached XP level 1. HP: 13/13 MP: 3/3
   225 | D:1      | Found a faded altar of an unknown god.
   225 | D:1      | Noticed a green death
   788 | D:2      | Gained mutation: You are partially covered in yellow
                  | scales. (AC +2) [demonic ancestry]
   788 | D:2      | Reached XP level 2. HP: 6/19 MP: 1/5
  1047 | D:2      | Learned a level 2 spell: Scorch
  1713 | D:2      | Reached XP level 3. HP: 25/25 MP: 6/6
  1773 | D:2      | Learned a level 3 spell: Conjure Flame
  1837 | D:3      | Found an opulent altar of Gozag.
  1837 | D:3      | Noticed a phantom
  1854 | D:3      | Killed a phantom
  1855 | D:3      | Reached XP level 4. HP: 14/31 MP: 6/8
  2311 | D:3      | Reached XP level 5. HP: 35/36 MP: 6/9
  2466 | D:3      | Noticed Ijyb
  2487 | D:3      | Killed Ijyb
  2586 | D:3      | Noticed Grinder
  2595 | D:3      | Killed Grinder
  2596 | D:3      | Reached skill level 1 in Fighting
  2596 | D:3      | Gained mutation: You are mostly covered in yellow scales.
                  | (AC +3) [demonic ancestry]
  2596 | D:3      | Reached XP level 6. HP: 38/43 MP: 1/12
  3085 | D:4      | Noticed an ice beast
  3092 | D:4      | Killed an ice beast
  3096 | D:4      | Noticed Natasha
  3099 | D:4      | Noticed Eustachio
  3100 | D:4      | Killed Natasha
  3114 | D:4      | Killed Eustachio
  3115 | D:4      | Gained mutation: Spells you cast may paralyse adjacent
                  | enemies. [demonic ancestry]
  3115 | D:4      | Reached XP level 7. HP: 48/48 MP: 1/13
  3121 | D:4      | Learned a level 4 spell: Flame Wave
  3128 | D:4      | Found a glowing drain.
  3136 | Sewer    | Entered a sewer
  3211 | Sewer    | Noticed Pargi
  3217 | Sewer    | Killed Pargi
  3569 | D:4      | Noticed Natasha
  3584 | D:4      | Killed Natasha
  3881 | D:4      | Noticed Natasha
  3884 | D:4      | Killed Natasha
  3934 | D:4      | Found a burning altar of Makhleb.
  3949 | D:4      | Found a stormy altar of Qazlal.
  3994 | D:4      | Found an iron altar of Okawaru.
  4226 | D:4      | Found a sparkling altar of Nemelex Xobeh.
  4289 | D:4      | Reached skill level 5 in Fire Magic
  4556 | D:1      | Gained mutation: Your muscles are strong. (Str +4, Int/Dex
                  | -1) [potion of mutation]
  4673 | D:5      | Entered Level 5 of the Dungeon
  4702 | D:5      | Found Anoal's Weapon Shoppe.
  4816 | D:5      | Reached skill level 5 in Spellcasting
  4819 | D:5      | Reached skill level 1 in Armour
  4912 | D:5      | Gained mutation: You are completely covered in yellow
                  | scales. (AC +4, rCorr) [demonic ancestry]
  4912 | D:5      | Reached XP level 8. HP: 54/54 MP: 8/15
  5087 | D:5      | Identified the ring of Ycept {rPois rN+ Will- Dex+7}
  5121 | D:5      | Found Dekh's Assorted Antiques.
  5134 | D:5      | Found Gahank's Weapon Boutique.
  5458 | D:5      | Found Bekk's Armour Shop.
  5499 | D:5      | Bought a +3 leather armour of poison resistance for 315
                  | gold pieces
  6117 | D:6      | Found a staircase to the Ecumenical Temple.
  6407 | D:6      | Reached skill level 1 in Short Blades
  6672 | D:6      | Reached XP level 9. HP: 59/59 MP: 12/19
  6710 | Temple   | Entered the Ecumenical Temple
  7049 | D:6      | Found a runed translucent door.
  7050 | D:6      | Noticed Crazy Yiuf
  7105 | D:6      | Found a bloodstained altar of Trog.
  7110 | D:6      | Noticed a wizard
  7116 | D:6      | Killed a wizard
  7377 | D:6      | Killed Crazy Yiuf
  7484 | D:7      | Noticed Dowan
  7485 | D:7      | Noticed Duvessa
  7489 | D:7      | Killed Dowan
  7493 | D:7      | Killed Duvessa
  7734 | D:7      | Found an ornate altar of the Wu Jian Council.
  8188 | D:7      | Noticed Joseph
  8194 | D:7      | Killed Joseph
  8195 | D:7      | Reached skill level 5 in Stealth
  8502 | D:8      | Noticed Pikel
  8517 | D:8      | Killed Pikel
  8756 | D:8      | Noticed a two-headed ogre
  8934 | D:8      | Killed a two-headed ogre
  8935 | D:8      | Gained mutation: You have a pair of small horns on your
                  | head. [demonic ancestry]
  8935 | D:8      | Reached XP level 10. HP: 67/67 MP: 10/22
  9215 | D:8      | Found Kapreoda's General Store.
  9995 | D:9      | Noticed an orange crystal statue
 10066 | D:9      | Slain by a yak

Illustrated notes

Levels and vault maps discovered:
D:1:      saegor_arrival_simple_e, layout_rooms,
          dreamdust_ecumenical_altar_sealed_demon, dreamdust_princess_bridge,
          corexii_item_surrounded_by_moat
D:2:      layout_rooms
D:3:      layout_rooms, grunt_gozag_breadcrumbs, saegor_snake_ambush,
          uniq_grinder, uniq_ijyb
D:4:      layout_rooms, mainiacjoe_overflow_alcove_4,
          mainiacjoe_overflow_concentric_impassable, lemuel_round_altar,
          kennysheep_okawaru_gauntlet, portal_sewer_entry_d,
          lemuel_flame_loot_1, uniq_natasha, uniq_eustachio
D:5:      layout_basic, serial_shops, nicolae_take_the_stairs,
          nicolae_diamond_shop, nicolae_shop_waterfront, nicolae_stop_n_shop_2
D:6:      layout_basic, trog_wizard, minmay_temple_entry_gardened_gates,
          uniq_crazy_yiuf_cottage
D:7:      nicolae_cairo_tiling_very_big, layout_loops_ring,
          nicolae_wu_jian_wuxing_cycle, palyth_stone_intersect, uniq_joseph,
          uniq_duvessa
D:8:      layout_rooms, serial_shops, kennysheep_little_box, chequers_jeans,
          grunt_ministairs_14, uniq_pikel
D:9:      minmay_separated_statues, layout_loops_ring,
          ashenzari_conservatory_becter, mainiacjoe_overflow_alcove_2,
          mainiacjoe_overflow_24_doors, kennysheep_small_circle
Temple:   minmay_temple_bridge_abc

Skill      XL: |  1  2  3  4  5  6  7  8  9 10 |
---------------+-------------------------------+-----
Stealth        | 2 3 4 5 6 |  6.2
Fire Magic     | 3 4 5 6 8 |  8.2
Dodging        | 2 3 |  3.2
Spellcasting   | 3 4 5 7 8 |  8.9
Conjurations   | 2 |  2.5
Fighting       | 1 2 |  2.0
Armour         | 1 2 |  2.6
Short Blades   | 1 2 |  2.3
Shields        | |  0.6
Evocations     | |  0.7

Action                   |  1- 3 |  4- 6 |  7- 9 | 10-12 || total
-------------------------+-------+-------+-------+-------++-------
Melee: Unarmed           |     5 |       |       |       ||     5
       Dagger            |    42 |    22 |    43 |    39 ||   146
       Punch             |     1 |       |     1 |       ||     2
       Headbutt          |       |       |       |    10 ||    10
 Cast: Foxfire           |    52 |    11 |    64 |       ||   127
       Scorch            |     3 |    17 |   109 |    24 ||   153
       Conjure Flame     |       |       |     2 |       ||     2
       Flame Wave        |       |       |       |     1 ||     1
Evoke: Wand              |       |     5 |       |     2 ||     7
  Use: Potion            |     1 |     1 |     4 |     5 ||    11
       Scroll            |       |     9 |    10 |     3 ||    22
 Stab: Sleeping          |     3 |     1 |     4 |       ||     8
       Invisible         |       |     1 |       |       ||     1
       Paralysed         |       |       |    31 |     9 ||    40
Armor: Robe              |    14 |     3 |       |       ||    17
       Acid dragon scale |       |     7 |    10 |       ||    17
       Leather armour    |       |       |     8 |    25 ||    33
Dodge: Dodged            |    41 |    22 |    56 |   110 ||   229
Block: Other             |       |     5 |    15 |    11 ||    31
       Reflection        |       |       |     1 |       ||     1
